 Dungeon Crawl Stone Soup version 0.26.1-15-g04117e645d (webtiles) character file.

Game seed: 18422400891835177616

7967 Froggeryz the Cleaver (level 11, 0/115 HPs)
             Began as an Octopode Berserker on Mar 7, 2022.
             Was an Elder of Trog.
             Slain by a wolf (3 damage)
             ... on level 1 of the Lair of Beasts.
             The game lasted 00:11:48 (11698 turns).

Froggeryz the Cleaver (Octopode Berserker)         Turns: 11698, Time: 00:11:49

Health: 0/115      AC:  5    Str: 17    XL:     11   Next: 23%
Magic:  11/11      EV: 33    Int:  9    God:    Trog [****..]
Gold:   518        SH:  0    Dex: 21    Spells: 10/10 levels left

rFire    . . .     SeeInvis .   B - +1 hand axe (flame)
rCold    . . .     Faith    .   (no shield)
rNeg     . . .     Spirit   .   (helmet restricted)
rPois    .         Reflect  .   i - amulet of the acrobat
rElec    .         Harm     .   (no ring)
rCorr    .         Rampage  .   f - +4 ring of protection
Will     .....                  l - +6 ring of dexterity
Stlth    ..........             (no ring)
HPRegen  0.29/turn              (no ring)
MPRegen  0.12/turn              (no ring)
                                (no ring)
                                (no ring)

@: berserking, lethally poisoned (0 -> -1), acrobat, very quick
A: almost no armour, stealthy swim, amphibious, 8 rings, constrict 8, camouflage
1, gelatinous body 1
a: Renounce Religion, Berserk, Trog's Hand, Brothers in Arms


You were on level 1 of the Lair of Beasts.
You worshipped Trog.
Trog was greatly pleased with you.
You visited 2 branches of the dungeon, and saw 10 of its levels.
You also visited: Sewer.

You collected 518 gold pieces.

Inventory:

Hand Weapons
 B - a +1 hand axe of flaming (weapon)
Missiles
 n - 90 poisoned darts (quivered)
 v - 2 boomerangs of dispersal
Jewellery
 f - a +4 ring of protection (right tentacle)
 i - an amulet of the acrobat (around mantle)
 l - a +6 ring of dexterity (on tentacle)
Wands
 k - a wand of flame (20)
 o - a wand of digging (4)
 w - a wand of paralysis (2)
 z - a wand of random effects (16)
Scrolls
 a - a scroll of remove curse
 b - 2 scrolls of fog
 d - a scroll of silence {unknown}
 e - 9 scrolls of teleportation
 g - 2 scrolls of fear
 h - 2 scrolls of enchant weapon
 s - 4 scrolls of blinking
 t - 2 scrolls of magic mapping
 x - a scroll of immolation
 y - 2 scrolls of enchant armour
 A - 3 scrolls of amnesia {unknown}
Potions
 c - 9 potions of heal wounds
 j - a potion of ambrosia {unknown}
 m - 2 potions of cancellation {unknown}
 p - 3 potions of mutation {unknown}
 q - 4 potions of flight {unknown}
 r - 3 potions of curing {unknown}
 u - 3 potions of might


   Skills:
 - Level 8.0 Fighting
 * Level 13.7 Axes
 + Level 6.1 Dodging
 - Level 5.5 Stealth


You had 10 spell levels left.
You didn't know any spells.
Your spell library was empty.

Dungeon Overview and Level Annotations

Branches:
Dungeon (9/15)             Temple (0/1) D:4            Lair (1/6) D:9
  Sewer (visited)
    Orc: D:9-12

Altars:
Elyvilon
Hepliaklqana
Kikubaaqudgha
Makhleb
Okawaru
Qazlal
Ru
Xom


Innate Abilities, Weirdness & Mutations

You cannot wear most types of armour.
You are very stealthy in the water. (Stealth+)
You are amphibious.
You can wear up to eight rings at the same time.
You can use your tentacles to constrict eight enemies at once.
Your skin changes colour to match your surroundings (Stealth+).
Your rubbery body absorbs attacks. (AC +1, EV +1)


Message History

The water moccasin is almost dead.
You hit the wolf. You burn the wolf. You slash the wolf! You burn the wolf.
The wolf bites you!
* * * LOW HITPOINT WARNING * * *
The wolf completely misses you.
You closely miss the water moccasin. You grab the water moccasin.
You squeeze the water moccasin.
You kill the water moccasin!
Trog accepts your kill.
You slash the wolf! You burn the wolf. You slash the wolf! You burn the wolf.
You kill the wolf!
Trog accepts your kill.
You miss the wolf. Your grab misses the wolf.
The wolf is almost dead.
The wolf barely misses you.
You closely miss the wolf. Your grab misses the wolf.
The wolf is almost dead.
You feel sick. The wolf barely misses you. The wolf bites you.
You die...

....# . .... ### ###.
.... ###...
....##..##......
.................
.........Y.......
...............#
##.#..#h@†# ...
#......†..#...#
#...............
#...............
#....$..........
####..........#...#
######.###.##......#....
.......................#
.......................#


You could see a yak and a wolf.

Vanquished Creatures
  Erica (Lair:1)
  A two-headed ogre (D:8)
  An ugly thing (D:8)
  Maggie (D:8)
  A hornet (D:9)
  Prince Ribbit (D:6)
  Eustachio (D:4)
  3 yaks (D:9)
  Sigmund (D:3)
  A basilisk (Lair:1)
  6 humans (D:9)
  5 water moccasins
  2 orc warriors
  A sky beast (D:9)
  A phantom (D:6)
  5 ogres
  5 wolves (Lair:1)
  3 centaurs
  5 bullfrogs
  2 scorpions
  6 wights
  4 howler monkeys
  A bullfrog skeleton (D:8)
  3 hounds
  3 bullfrog zombies
  4 orc priests
  3 jellies
  An orc wizard (D:9)
  2 centaur skeletons (D:5)
  Jessica (D:3)
  2 iguanas
  Terence (D:3)
  6 worker ants
  A hound zombie (D:5)
  A hound skeleton (D:9)
  6 gnolls
  A worker ant zombie (D:7)
  A howler monkey skeleton (D:6)
  2 river rats (Sewer)
  10 adders
  A shadow imp (D:6)
  2 white imps
  2 ufetubi
  An ooze (D:2)
  3 worms
  2 dart slugs (D:1)
  13 leopard geckos
  18 orcs
  6 ball pythons
  5 giant cockroaches
  5 goblins
  6 hobgoblins
  7 jackals
  2 quokkas
  2 bats (D:2)
  8 frilled lizards
  A giant cockroach zombie (D:3)
  2 jackal skeletons
  11 kobolds
  A leopard gecko zombie (D:7)
  A quokka skeleton (D:4)
  2 quokka zombies
  9 rats
216 creatures vanquished.

Vanquished Creatures (others)
  14 fungi
  24 plants
38 creatures vanquished.

Grand Total: 254 creatures vanquished

Notes
Turn   | Place    | Note
-------+----------+-------------------------------------------
     0 | D:1      | Froggeryz the Octopode Berserker began the quest for the
                  | Orb.
     0 | D:1      | Reached XP level 1. HP: 16/16 MP: 1/1
    18 | D:1      | You fall into a shaft and drop 1 floor!
    27 | D:2      | Reached skill level 1 in Stealth
    27 | D:2      | Reached XP level 2. HP: 14/21 MP: 2/2
   841 | D:1      | Reached XP level 3. HP: 24/26 MP: 3/3
  1123 | D:2      | Reached skill level 4 in Axes
  1619 | D:2      | Reached XP level 4. HP: 31/31 MP: 4/4
  1735 | D:2      | Found a sacrificial altar of Ru.
  2287 | D:3      | Noticed Jessica
  2295 | D:3      | Killed Jessica
  2317 | D:3      | Noticed Sigmund
  2352 | D:3      | Found a glowing drain.
  2365 | Sewer    | Entered a sewer
  2399 | Sewer    | Reached ** piety under Trog
  2428 | Sewer    | Reached XP level 5. HP: 30/36 MP: 5/5
  2494 | Sewer    | Reached skill level 5 in Axes
  3263 | D:3      | Noticed Terence
  3267 | D:3      | Killed Terence
  3366 | D:3      | Killed Sigmund
  3367 | D:3      | Reached skill level 6 in Axes
  3367 | D:3      | Reached skill level 5 in Stealth
  3367 | D:3      | Reached XP level 6. HP: 42/42 MP: 6/6
  4259 | D:4      | Reached XP level 7. HP: 35/46 MP: 7/7
  4436 | D:4      | Noticed Eustachio
  4463 | D:4      | Killed Eustachio
  4464 | D:4      | Reached skill level 7 in Axes
  4468 | D:4      | Reached *** piety under Trog
  4568 | D:4      | Found a hazy altar of Hepliaklqana.
  4837 | D:4      | Found a staircase to the Ecumenical Temple.
  5133 | D:4      | Found a burning altar of Makhleb.
  5133 | D:4      | Noticed an Executioner
  5161 | D:4      | Reached XP level 8. HP: 54/54 MP: 8/8
  5366 | D:4      | Found a shimmering altar of Xom.
  5404 | D:4      | Found a white marble altar of Elyvilon.
  5586 | D:5      | Entered Level 5 of the Dungeon
  5648 | D:5      | Reached skill level 8 in Axes
  6476 | D:5      | Found an iron altar of Okawaru.
  6476 | D:5      | Found a stormy altar of Qazlal.
  6744 | D:6      | Reached skill level 5 in Fighting
  7034 | D:6      | Reached skill level 9 in Axes
  7551 | D:6      | Noticed Prince Ribbit
  7561 | D:6      | Killed Prince Ribbit
  7562 | D:6      | Reached XP level 9. HP: 52/62 MP: 9/9
  7876 | D:7      | Reached **** piety under Trog
  7886 | D:7      | Reached skill level 10 in Axes
  8458 | D:7      | Found an ancient bone altar of Kikubaaqudgha.
  8739 | D:8      | Noticed a two-headed ogre
  8748 | D:8      | Killed a two-headed ogre
  8749 | D:8      | Reached skill level 11 in Axes
  9256 | D:8      | Noticed a cyan ugly thing
  9834 | D:8      | Noticed Maggie
  9848 | D:8      | Killed Maggie
  9849 | D:8      | Reached XP level 10. HP: 72/72 MP: 10/10
 10012 | D:8      | Killed a cyan ugly thing
 10157 | D:9      | Reached skill level 12 in Axes
 10413 | D:9      | Paralysed by a hornet for 1 turns
 10891 | D:9      | Found a staircase to the Lair.
 10938 | D:9      | Reached skill level 13 in Axes
 10940 | D:9      | Reached skill level 5 in Dodging
 11391 | Lair:1   | Entered Level 1 of the Lair of Beasts
 11414 | Lair:1   | Reached XP level 11. HP: 58/77 MP: 11/11
 11416 | Lair:1   | Noticed Erica
 11430 | Lair:1   | Killed Erica
 11473 | Lair:1   | Found a gate leading to a gauntlet.
 11694 | Lair:1   | HP: 4/115 [wolf (9)]
 11698 | Lair:1   | Slain by a wolf

Illustrated notes

Levels and vault maps discovered:
D:1:      dpeg_arrival_long_road, layout_loops_cross,
          minmay_misc_feat_nine_boxes
D:2:      layout_basic, minmay_stone_trees_medium,
          nicolae_ru_the_path_less_chosen
D:3:      layout_basic, gup_sewer_entry_pipe, guppyfry_early_lair_pool,
          uniq_sigmund, uniq_terence, uniq_jessica
D:4:      layout_basic, makhleb_altar_promises_db, minitemple,
          minmay_temple_entry_nine_rooms, hangedman_abyss_or_decor_lesser_grid,
          st_stairs_11, uniq_eustachio
D:5:      layout_loops_ring, gammafunk_temple_overflow_elements,
          minmay_lizard_king
D:6:      layout_basic, uniq_prince_ribbit1
D:7:      layout_rooms, kennysheep_mini_moat
D:8:      layout_loops_ring, minmay_liquid_box, hangedman_minor_gate_pass,
          uniq_maggie
D:9:      layout_small_grid, grunt_lair_entry_orc_guard_hut, minmay_ruffians
Lair:1:   layout_gridlike, gauntlet_entry_generic, beast_lair_carwin_11,
          uniq_erica

Skill      XL: |  1  2  3  4  5  6  7  8  9 10 11 |
---------------+----------------------------------+-----
Stealth        | 1 2 3 5 |  5.5
Axes           | 4 6 7 9 11 13 | 13.7
Fighting       | 4 5 7 8 |  8.0
Dodging        | 5 6 |  6.1

Action                   |  1- 3 |  4- 6 |  7- 9 | 10-12 || total
-------------------------+-------+-------+-------+-------++-------
Melee: Hand axe          |    49 |   106 |   257 |   169 ||   581
       Constrict         |    11 |    29 |    66 |    34 ||   140
       Tentacles         |     8 |    22 |    71 |    61 ||   162
Throw: Dart              |       |       |     2 |       ||     2
Invok: Berserk           |     1 |     1 |     8 |     6 ||    16
       Trog's Hand       |       |     1 |     1 |     2 ||     4
Evoke: Wand              |       |       |     3 |     3 ||     6
  Use: Scroll            |       |       |    17 |     1 ||    18
 Stab: Sleeping          |    11 |    14 |    18 |     5 ||    48
       Distracted        |       |       |     1 |     1 ||     2
Armor: Skin              |     3 |     2 |     6 |    13 ||    24
Dodge: Dodged            |    41 |    52 |   169 |   117 ||   379
